AoeStats
← web

Arena

507408102Analyzed
4v4 RM · 13d ago on Sep 18, 2026· 38m 51s· 8 players
Game mode
Random Map
Map size
Large (8 player)
Population
200
Speed
Normal
Resources
Standard
Victory
Conquest
Starting age
Dark Age
Ending age
Imperial Age
RankedLock teamsTeams togetherTeam positionsShared explorationLock speedFull tech treeHidden civsTurbo modeCheats
Victory
Defeat
🇨🇳 Saracens · China
1365
+16
1333
+17
🇨🇳 Wu · China
1308
+18
🇨🇳 Muisca · China
1308
+18
🇵🇪 Cumans · Peru
1433
-21
🇵🇪 Teutons · Peru
1349
-17
🇺🇸 Celts · United States
1333
-16
🇲🇽 Mongols · Mexico
1308
-15
web
11:06 Feudal Age
15:03 Castle Age
13:48 Double-Bit Axe
13:44 Horse Collar
15:45 Heavy Plow
15:56 Bow Saw
19:00 Gold Mining
20:35 Loom
21:00 Man-at-Arms
22:19 Long Swordsman
23:34 Gambesons
30:46 Fletching
34:20 Imperial Age
32:40 Bodkin Arrow
33:09 Stone Mining
33:06 Pikeman
35:18 Scale Mail Armor
[GDL] iqmendezed
7:39 Loom
9:58 Feudal Age
14:54 Castle Age
12:58 Double-Bit Axe
13:15 Horse Collar
24:50 Wheelbarrow
25:55 Gold Mining
30:16 Imperial Age
27:50 Husbandry
27:11 Light Cavalry
28:15 Scale Barding Armor
28:29 Forging
28:50 Bloodlines
29:57 Chain Barding Armor
30:03 Hand Cart
30:34 Iron Casting
31:17 Fletching
31:56 Ballistics
31:30 Cavalier
35:31 Chemistry
34:31 Bodkin Arrow
35:38 Blast Furnace
37:11 Crossbowman
37:56 Thumb Ring
38:19 Parthian Tactics
39:09 Bracer
MZTK | Lenz
6:25 Loom
8:57 Feudal Age
11:44 Fletching
17:27 Double-Bit Axe
17:22 Horse Collar
27:07 Castle Age
25:42 Scale Barding Armor
26:17 Gold Mining
27:59 Bloodlines
35:05 Forging
brachigol
8:35 Feudal Age
11:09 Double-Bit Axe
11:35 Horse Collar
14:55 Loom
18:42 Gold Mining
21:24 Castle Age
20:15 Wheelbarrow
20:32 Scale Barding Armor
20:37 Forging
21:24 Bloodlines
21:34 Capped Ram
22:45 Chain Barding Armor
22:08 Pikeman
26:01 Fletching
看谁不爽肘谁
10:47 Feudal Age
12:23 Loom
15:54 Castle Age
15:00 Double-Bit Axe
28:54 Fletching
33:18 Scale Mail Armor
34:37 Forging
35:57 Iron Casting
Yo win
11:06 Feudal Age
16:29 Castle Age
16:08 Gold Mining
16:04 Double-Bit Axe
16:11 Stone Mining
18:56 Fletching
25:55 Bodkin Arrow
35:05 Red Cliffs Tactics
35:20 Padded Archer Armor
pxh42
11:04 Feudal Age
15:08 Castle Age
13:21 Double-Bit Axe
13:50 Horse Collar
14:28 Gold Mining
16:09 Bow Saw
20:36 Wheelbarrow
25:07 Hand Cart
25:48 Gold Shaft Mining
26:07 Loom
26:08 Town Watch
26:33 Treadmill Crane
29:38 Imperial Age
27:18 Scale Barding Armor
27:25 Stone Mining
28:06 Forging
28:40 Chain Barding Armor
29:35 Iron Casting
29:24 Bloodlines
29:15 Husbandry
29:57 Heavy Camel Rider
31:38 Blast Furnace
31:18 Plate Barding Armor
30:56 Fletching
32:08 Heavy Plow
32:48 Bodkin Arrow
33:18 Padded Archer Armor
33:30 Siege Engineers
34:26 Chemistry
34:08 Coinage
33:52 Bracer
34:22 Leather Archer Armor
33:45 Light Cavalry
34:47 Counterweights
35:29 Banking
35:03 Hussar
36:30 Ring Archer Armor
36:34 Ballistics
37:53 Bimaristan
38:04 Conscription
38:20 Hoardings
38:55 Two-Man Saw
37:29 Elite Mameluke
哭稀饭(2125613428)
11:12 Feudal Age
11:54 Double-Bit Axe
15:05 Castle Age
14:47 Loom
15:20 Pikeman
16:02 Scale Mail Armor
16:01 Horse Collar
18:13 Bow Saw
18:36 Man-at-Arms
20:02 Long Swordsman
27:41 Heavy Plow
40:22 Imperial Age
39:02 Chain Mail Armor
Connection lost

Rejoining the realm…

Still unreachable

The connection could not be restored.

Session expired

The server has moved on; the page needs a fresh start.